 Dungeon Crawl Stone Soup version 0.31.0-2-g5a2aebc5c2 (webtiles) character file.

Game seed: 12928500830612604306

137 ssalbiz the Chopper (level 5, -1/45 HPs)
             Began as a Minotaur Berserker on Jan 20, 2024.
             Was a Believer of Trog.
             Slain by a gnoll
             ... wielding a +0 spear
              (4 damage)
             ... on level 4 of the Dungeon.
             The game lasted 00:01:38 (2275 turns).

ssalbiz the Chopper (Minotaur Berserker)            Turns: 2275, Time: 00:01:39

Health: -1/45      AC:  2    Str: 24    XL:     5   Next: 0%
Magic:  4/4        EV: 12    Int:  4    God:    Trog [**....]
Gold:   117        SH:  0    Dex:  9    Spells: 4/4 levels left

rFire   . . .        a - +0 hand axe
rCold   . . .        (no shield)
rNeg    . . .        b - +0 animal skin
rPois   .            (helmet restricted)
rElec   .            (no cloak)
rCorr   .            (no gloves)
SInv    .            (no boots)
Will    ++...        (no amulet)
Stlth   +            (no ring)
HPRegen 1.27/turn    (no ring)
MPRegen 0.09/turn

%: no passive effects
@: strong-willed, regenerating
A: horns 2, retaliatory headbutt
a: Renounce Religion, Berserk, Trog's Hand


You were on level 4 of the Dungeon.
You worshipped Trog.
Trog was pleased with you.
You visited 1 branch of the dungeon, and saw 4 of its levels.

You collected 117 gold pieces.

Inventory:

Hand Weapons
 a - a +0 hand axe (weapon)
Armour
 b - a +0 animal skin (worn)
Jewellery
 h - a ring of ice
Wands
 o - a wand of paralysis (15)
 p - a wand of light (11)
 r - a wand of flame (23)
Scrolls
 c - a scroll of poison {unknown}
 f - 2 scrolls of identify {unknown}
 g - 2 scrolls of enchant weapon {unknown}
 j - a scroll of butterflies {unknown}
 l - a scroll of blinking {unknown}
 m - a scroll of vulnerability {unknown}
 q - a scroll of amnesia {unknown}
 s - a scroll of fog {unknown}
Potions
 d - a potion of resistance {unknown}
 e - 4 potions of attraction {unknown}
 i - a potion of haste {unknown}
 k - 3 potions of curing {unknown}
 n - a potion of brilliance {unknown}
 u - a potion of enlightenment {unknown}
 v - 2 potions of mutation {unknown}


   Skills:
 - Level 3.6 Fighting
 + Level 6.9 Axes
 - Level 2.4 Armour
 - Level 2.2 Dodging


You had 4 spell levels left.
You didn't know any spells.
Your spell library was empty.

Dungeon Overview and Level Annotations

Branches:
Dungeon (4/15)
 Temple: D:4-7

Altars:


Innate Abilities, Weirdness & Mutations

You have a pair of horns on your head.
You reflexively headbutt those who attack you in melee.


Message History

The gnoll moves out of view.
Found a stone staircase leading down.
The hound barks!
The gnoll hits you with a +0 spear.
You barely miss the gnoll.
You headbutt the gnoll, but do no damage.
The gnoll hits you with a +0 spear.
You closely miss the gnoll. Your headbutt misses the gnoll.
The gnoll barely misses you. You furiously retaliate!
You headbutt the gnoll.
The gnoll hits you from afar with a +0 halberd!
The gnoll closely misses you. The gnoll barely misses you.
The iguana attacks as it pursues you!
The iguana bites you but does no damage.
The hound attacks as it pursues you! The hound misses you.
The gnoll attacks as it pursues you! The gnoll closely misses you.
The hound bites you.
There is an open door, spattered with blood here.
You see here a staff of death.
The hound stops to sniff the ground.
The hound bites you.
* * * LOW HITPOINT WARNING * * *
The hound attacks as it pursues you! The hound barely misses you.
The hound completely misses you. You furiously retaliate!
You headbutt the hound!
The gnoll hits you from afar with a +0 spear!
* * * LOW HITPOINT WARNING * * *
Your skin crawls.
You feel strong-willed. The hound bites you.
* * * LOW HITPOINT WARNING * * *
The hound closely misses you.
The gnoll hits you from afar with a +0 spear.
* * * LOW HITPOINT WARNING * * *
The iguana attacks as it pursues you! The iguana closely misses you.
The hound attacks as it pursues you! The hound closely misses you. x2
The gnoll hits you from afar with a +0 spear.
* * * LOW HITPOINT WARNING * * *
The hound attacks as it pursues you! The hound bites you but does no damage.
The gnoll hits you from afar with a +0 spear.
You die...

#.# ####..........#
######.##..##.......g..##
#.......................#
#..........##.....##...##
#..........##.....##'###
##<###.######....g.|...#
.##.###.##.)##.g..gg.†..#
...................######
.............@l....#
....##..##..##h....#
###############.....#
#.†........ #..........
##.....##... #.....# ###
.......# #.....##


You could see an iguana, a hound and 4 gnolls.

Vanquished Creatures
  A bombardier beetle (D:4)
  An orc priest (D:3)
  An orc wizard (D:3)
  A dart slug (D:2)
  An orc (D:3)
  A bat (D:1)
  9 endoplasms
  2 giant cockroaches (D:1)
  5 goblins
  3 hobgoblins
  3 jackals
  2 quokkas (D:1)
  5 ball pythons
  A kobold (D:1)
  7 rats
43 creatures vanquished.

Notes
Turn   | Place    | Note
-------+----------+-------------------------------------------
     0 | D:1      | ssalbiz the Minotaur Berserker began the quest for the Orb.
     0 | D:1      | Reached XP level 1. HP: 19/19 MP: 0/0
   119 | D:1      | Reached skill level 4 in Axes
   128 | D:1      | Reached XP level 2. HP: 26/26 MP: 1/1
   820 | D:2      | Reached skill level 5 in Axes
   914 | D:2      | Reached ** piety under Trog
   934 | D:2      | Reached XP level 3. HP: 30/31 MP: 2/2
  1160 | D:2      | Found a faded altar of an unknown god.
  1465 | D:3      | Reached skill level 6 in Axes
  1465 | D:3      | Reached XP level 4. HP: 39/39 MP: 3/3
  2195 | D:4      | Reached XP level 5. HP: 33/45 MP: 4/4
  2272 | D:4      | HP: 2/45 [gnoll/+0 spear (2)]
  2275 | D:4      | Slain by a gnoll

Illustrated notes

Levels and vault maps discovered:
D:1:      denvon_arrival_planthouse, layout_loops_ring, minmay_vboxes
D:2:      layout_loops_ring, shapermc_ecumenical_altar_ellora
D:3:      layout_basic, chequers_serial_rivers_small_3,
          minmay_misc_feat_ornament
D:4:      layout_gridville, mainiacjoe_overflow_small_starburst,
          elyvilon_altar_1, nicolae_shop_distant_corner_stores,
          nicolae_kite_square_tiling_tiny

Skill      XL: |  1  2  3 |
---------------+----------+-----
Axes           | 4 5 6 |  6.9
Fighting       | |  3.6
Armour         | |  2.4
Dodging        | |  2.2

Action                     |  1- 3 |  4- 6 || total
---------------------------+-------+-------++-------
  Melee: Hand axe          |    55 |    23 ||    78
         Headbutt          |     8 |     2 ||    10
 Invoke: Trog's Hand       |       |     1 ||     1
   Stab: Sleeping          |     1 |       ||     1
 Armour: Animal skin       |    28 |    30 ||    58
  Dodge: Dodged            |    30 |    16 ||    46
